 Dungeon Crawl Stone Soup version 0.27-a0-1591-gc56fcc985a (webtiles) character file.

Game seed: 2250126392018204555

505897 dolemite99 the Unseen (level 25, -10/210 HPs)
             Began as a Gnoll Monk on July 19, 2021.
             Was an Elder of Ashenzari.
             Succumbed to a death drake's dark miasma
             ... on level 2 of the Abyss on July 20, 2021.
             The game lasted 03:51:13 (110896 turns).

dolemite99 the Unseen (Gnoll Monk)                Turns: 110896, Time: 03:51:14

Health: -10/210    AC: 24    Str: 17 (18) XL:     25   Next: 35%
Magic:  46/46      EV: 18    Int: 13 (14) God:    Ashenzari [****..]
Gold:   455        SH: 22    Dex: 18      Spells: 10/62 levels left

rFire    + + +     SeeInvis +   a - +2 eveningstar (protect)
rCold    + + .     Faith    +   M - +0 tower shield "Shackled Panentheism" {AC+3, Bglg, Fort} (curse)
rNeg     + . .     Spirit   .   N - +1 fire dragon scales of the Tethered Augur {rF++ rC-, Bglg, Fort} (curse)
rPois    .         Reflect  .   (no helmet)
rElec    .         Harm     .   P - scarf "Regret of Ashenzari" {rC+ rF+, Self, Elem} (curse)
rCorr    +         Rampage  .   R - +2 pair of gloves of the Eternal Morality {Str+3, Evo, Self} (curse)
Will     ++...     Clarity  +   D - +0 pair of boots of the Enigmatic God {Melee, Alch} (curse) Stlth +++++.....Rnd*Tele +
                                u - amulet "Adversity of the Ether" {Faith +Inv rC+ Slay+3, Evo, Bglg} (curse)
HPRegen  0.45/turn              L - ring of willpower
MPRegen  0.30/turn              m - ring "Unveiling Servitude" {rC+ rN+ rCorr, Alch, Elem} (curse)

@: lethally poisoned (-10 -> -76), slowed, studying 4 skills, very slow
A: fangs 1, strong nose, distributed training, deterioration 1, teleportitis 1
}: 2/15 runes: barnacled, gossamer
a: Renounce Religion, Evoke Invisibility, Curse Item, Shatter the Chains


You were on level 2 of the Abyss.
You worshipped Ashenzari.
Ashenzari was greatly pleased with you.
You visited 10 branches of the dungeon, and saw 47 of its levels.
You visited the Abyss 3 times.

You collected 7904 gold pieces.
You spent 7449 gold pieces at shops.

Inventory:

Hand Weapons
 a - a +2 eveningstar of protection (weapon)
 b - the +10 fustibalus of Purpose {vorpal, rPois Int+2 Dex-5}
   (You found it on level 4 of the Shoals)

   Any ammunition fired from it inflicts extra damage upon your enemies.
   Int:       It affects your intelligence (+2).
   Dex:       It affects your dexterity (-5).
   rPois:     It protects you from poison.
 h - a +5 demon blade of electrocution
 j - a +4 scimitar of holy wrath
 v - a +2 demon trident of draining
 w - the +4 dagger "Morg" {pain, Will+ Int+5}
   (You found it on level 3 of the Crypt)

   In the hands of one skilled in necromantic magic, it inflicts extra damage on
   living creatures.
   Int:       It affects your intelligence (+5).
   Will:      It increases your willpower.
 Z - the +3 mace of the Poles {venom, *Corrode rF+++ Str-3 Int+7}
   (You found it on level 1 of the Elven Halls)

   It poisons the flesh of those it strikes.
   Str:       It affects your strength (-3).
   Int:       It affects your intelligence (+7).
   rF:        It renders you almost immune to fire.
   *Corrode:  It may corrode you when you take damage.
Missiles
 q - 11 atropa-tipped darts
 t - 122 sling bullets
 A - 10 throwing nets
 G - 19 javelins (quivered)
 U - 75 boomerangs
Armour
 D - the cursed +0 pair of boots of the Enigmatic God (worn) {Melee, Alch}
   (You found it on level 7 of the Dungeon)

   It has a curse which improves the following skills: Melee Combat: Short
   Blades, Long Blades, Axes, Maces & Flails, Polearms, Staves and Unarmed
   Combat.
   Alchemy:   Poison Magic and Transmutations.
 M - the cursed +0 tower shield "Shackled Panentheism" (worn) {AC+3, Bglg, Fort}
   (You took it off Louise on level 2 of the Shoals)

   It has a curse which improves the following skills: Beguiling: Conjurations,
   Hexes and Translocations.
   Fortitude: Armour and Shields.
 N - the cursed +1 fire dragon scales of the Tethered Augur (worn) {rF++ rC-, Bglg, Fort}
   (You found it on level 2 of the Depths)

   rF:        It greatly protects you from fire.
   rC:        It makes you vulnerable to cold.
   It has a curse which improves the following skills: Beguiling: Conjurations,
   Hexes and Translocations.
   Fortitude: Armour and Shields.
 P - the cursed scarf "Regret of Ashenzari" (worn) {rC+ rF+, Self, Elem}
   (You found it on level 6 of the Lair of Beasts)

   It has a curse which improves the following skills: Introspection: Fighting
   and Spellcasting.
   Elements:  Fire Magic, Ice Magic, Air Magic and Earth Magic.
 R - the cursed +2 pair of gloves of the Eternal Morality (worn) {Str+3, Evo, Self}
   (You bought it in a shop on level 2 of the Orcish Mines)

   It has a curse which improves the following skills: Evocations: Evocations.
   Introspection: Fighting and Spellcasting.
Jewellery
 m - the cursed ring "Unveiling Servitude" (right hand) {rC+ rN+ rCorr, Alch, Elem}
   (You took it off a merfolk impaler on level 4 of the Shoals)

   [ring of resist corrosion]

   rC:        It protects you from cold.
   rN:        It protects you from negative energy.
   rCorr:     It protects you from acid and corrosion.
   It has a curse which improves the following skills: Alchemy: Poison Magic and
   Transmutations.
   Elements:  Fire Magic, Ice Magic, Air Magic and Earth Magic.
 o - a ring of protection from fire
 p - a ring of positive energy
 s - a ring of wizardry
 u - the cursed amulet "Adversity of the Ether" (around neck) {Faith +Inv rC+ Slay+3, Evo, Bglg}
   (You found it on level 3 of the Shoals)

   [amulet of faith]

   It allows you to gain divine favour quickly.
   Slay:      It affects your accuracy & damage with ranged weapons and melee
   (+3).
   rC:        It protects you from cold.
   +Inv:      It lets you turn invisible.
   It has a curse which improves the following skills: Evocations: Evocations.
   Beguiling: Conjurations, Hexes and Translocations.
 L - a ring of willpower (left hand)
 T - the ring "Dovaewk" {Int+4 SInv}
   (You found it on level 3 of the Crypt)

   [ring of see invisible]

   Int:       It affects your intelligence (+4).
   SInv:      It lets you see invisible.
Wands
 E - a wand of polymorph (11)
 S - a wand of digging (7)
 W - a wand of paralysis (16)
Scrolls
 d - 4 scrolls of magic mapping
 k - 3 scrolls of fog
 l - 20 scrolls of teleportation
 n - 7 scrolls of immolation
 F - 4 scrolls of amnesia
 H - a scroll of fear
 O - a scroll of summoning
 V - 3 scrolls of blinking
 X - 2 scrolls of enchant armour
 Y - 4 scrolls of silence
Potions
 c - a potion of haste
 e - 3 potions of cancellation
 g - 2 potions of magic
 i - 5 potions of berserk rage
 r - 3 potions of resistance
 z - 3 potions of flight
 B - 3 potions of ambrosia
 C - 8 potions of lignification
 I - 11 potions of brilliance
 J - 15 potions of curing
Miscellaneous
 f - a phantom mirror
 x - a condenser vane (inert)
 K - a tin of tremorstones (1/2)
 Q - a phial of floods (inert)


   Skills:
 + Level 17.2(20.0) Fighting
 + Level 16.2(18.0) Short Blades
 + Level 16.2(18.0) Long Blades
 + Level 16.2(18.0) Axes
 + Level 16.2(18.0) Maces & Flails
 + Level 17.7(19.5) Polearms
 + Level 16.2(18.0) Staves
 + Level 16.2 Slings
 + Level 16.2 Bows
 + Level 16.2 Crossbows
 + Level 17.7 Throwing
 + Level 16.2(19.1) Armour
 + Level 17.2 Dodging
 + Level 18.0 Stealth
 + Level 16.4(19.3) Shields
 + Level 16.2(18.0) Unarmed Combat
 + Level 16.2(19.1) Spellcasting
 + Level 14.0(18.0) Conjurations
 + Level 14.0(18.0) Hexes
 + Level 14.0 Summonings
 + Level 14.0 Necromancy
 + Level 14.0(18.0) Translocations
 + Level 14.0(17.0) Transmutations
 + Level 14.0(17.0) Fire Magic
 + Level 14.0(17.0) Ice Magic
 + Level 14.0(17.0) Air Magic
 + Level 14.0(17.0) Earth Magic
 + Level 14.0(17.0) Poison Magic
 + Level 17.5 Invocations
 + Level 16.2(19.1) Evocations


You had 10 spell levels left.
You knew the following spells:

 Your Spells              Type           Power      Damage    Failure   Level
a - Shadow Creatures      Summ           N/A        N/A       11%         6
b - Mephitic Cloud        Conj/Pois/Air  55%        N/A       1%          3
c - Borgnjor's Vile Clut  Necr/Erth      26%        N/A       1%          5
d - Eringya's Noxious Bo  Tmut/Pois      27%        N/A       3%          6
e - Simulacrum            Ice/Necr       26%        N/A       6%          6
g - Silence               Hex/Air        27%        N/A       1%          5
h - Yara's Violent Unrav  Hex/Tmut       27%        3d12      1%          5
i - Dazzling Flash        Conj/Hex       100%       N/A       1%          3
j - Freezing Cloud        Conj/Ice/Air   27%        6-21      1%          5
l - Olgreb's Toxic Radia  Pois           54%        N/A       1%          4
m - Cause Fear            Hex            28%        N/A       1%          4

Your spell library contained the following spells:

 Spells                   Type           Power      Damage    Failure   Level
 Apportation              Tloc           100%       N/A       0%          1
 Corona                   Hex            62%        N/A       0%          1
 Foxfire                  Conj/Fire      100%       2x1d9     0%          1
 Shock                    Conj/Air       100%       1d9       0%          1
 Pain                     Necr           100%       1d9       1%          1
 Summon Small Mammal      Summ           100%       N/A       1%          1
 Ensorcelled Hibernation  Hex/Ice        100%       N/A       1%          2
 Poisonous Vapours        Pois/Air       100%       N/A       1%          2
 Slow                     Hex            56%        N/A       1%          2
 Static Discharge         Conj/Air       55%        N/A       1%          2
 Confusing Touch          Hex            56%        N/A       1%          3
 Conjure Flame            Conj/Fire      55%        6-21      1%          3
 Gell's Gravitas          Tloc           28%        N/A       1%          3
 Ignite Poison            Fire/Tmut/Pois 54%        N/A       1%          3
 Inner Flame              Hex/Fire       55%        N/A       1%          3
 Ozocubu's Armour         Ice            54%        N/A       1%          3
 Swiftness                Air            54%        N/A       1%          3
 Teleport Other           Tloc           56%        N/A       1%          3
 Tukima's Dance           Hex            56%        N/A       1%          3
 Airstrike                Air            27%        N/A       1%          4
 Fulminant Prism          Conj/Hex       28%        3d14      1%          4
 Hailstorm                Conj/Ice       55%        3d12      1%          4
 Ice Form                 Ice/Tmut       54%        N/A       1%          4
 Iskenderun's Mystic Bla  Conj/Tloc      56%        2d12      1%          4
 Leda's Liquefaction      Hex/Erth       27%        N/A       1%          4
 Passage of Golubria      Tloc           N/A        N/A       1%          4
 Petrify                  Tmut/Erth      54%        N/A       1%          4
 Summon Ice Beast         Ice/Summ       52%        N/A       1%          4
 Summon Lightning Spire   Summ/Air       52%        N/A       1%          4
 Agony                    Necr           48%        N/A       1%          5
 Alistair's Intoxication  Tmut/Pois      36%        N/A       1%          5
 Bolt of Magma            Conj/Fire/Erth 27%        4d13      1%          5
 Fireball                 Conj/Fire      27%        3d12      1%          5
 Iskenderun's Battlesphe  Conj           56%        2d11      1%          5
 Lee's Rapid Deconstruct  Erth           27%        3d15*     1%          5
 Lightning Bolt           Conj/Air       27%        1d44      1%          5
 Metabolic Englaciation   Hex/Ice        27%        N/A       1%          5
 Dispersal                Tloc           28%        N/A       1%          6
 Conjure Ball Lightning   Conj/Air       27%        3x3d8     2%          6
 Starburst                Conj/Fire      27%        8x6d9     2%          6
 Statue Form              Tmut/Erth      36%        N/A       3%          6
 Orb of Destruction       Conj           28%        9d11      11%         7
 Ozocubu's Refrigeration  Ice            27%        4d10      17%         7
 Storm Form               Tmut/Air       27%        N/A       17%         7
 Disjunction              Tloc           28%        N/A       65%         8
 Lehudib's Crystal Spear  Conj/Erth      27%        10d7      71%         8
 Ignition                 Fire           27%        3d9       78%         8
 Maxwell's Capacitive Co  Air            27%        ∞         78%         8
 Chain Lightning          Conj/Air       27%        3d36      100%        9
 Polar Vortex             Ice            27%        N/A       100%        9


Dungeon Overview and Level Annotations

Branches:
Dungeon (15/15)            Temple (1/1) D:6            Lair (6/6) D:10
 Shoals (4/4) Lair:3       Spider (4/4) Lair:2        Slime (0/5) Lair:5
    Orc (2/2) D:10            Elf (3/3) Orc:2        Vaults (4/5) D:14
  Crypt (3/3) Vaults:3       Tomb (0/3) Crypt:3      Depths (5/5) D:15
    Zot (0/5) Depths:5

Altars:
Ashenzari
Cheibriados
Dithmenos
Elyvilon
Fedhas
Gozag
Hepliaklqana
Kikubaaqudgha
Makhleb
Nemelex Xobeh
Okawaru
Qazlal
Ru
Sif Muna
Trog
Uskayaw
Vehumet
Wu Jian
Xom
Yredelemnul
Zin
The Shining One
Beogh
Jiyva

Shops:
D:2 [*[   D:13 (   Orc:2 [*=!   Elf:1 *   Elf:2 !!   Elf:3 *   Shoals:1 :
Vaults:1 (   Depths:1 ?:   Depths:2 ?(   Depths:3 =   Depths:4 ?

Portals:
Hell: Depths:1 Depths:2 Depths:3 Depths:4 Depths:5
Abyss: Depths:1 Depths:4
Pandemonium: Orc:2 Depths:2 Depths:3
Ziggurat: Depths:2
Trove: Vaults:1 (give 9 potions of haste)

Annotations:
D:2 exclusion: downstairs
D:14 exclusion: downstairs
Lair:5 exclusion: downstairs
Shoals:1 exclusion: door


Innate Abilities, Weirdness & Mutations

You have very sharp teeth.
Your uncanny sense of smell can sniff out nearby items.
Your experience applies equally to all skills.
Your body sometimes deteriorates upon taking damage.
You are occasionally teleported next to monsters.


Message History

The spatial maelstrom closely misses you.
The spatial maelstrom completely misses you.
A spatial vortex comes into view.
You impale the death drake!!
The death drake is almost dead.
You are engulfed in dark miasma.
You are lethally poisoned!
* * * LOW HITPOINT WARNING * * *
You feel extremely sick. You block the death drake's attack.
The death drake breathes miasma at you. The foul vapour engulfs you!
You are more poisoned.
You feel as though you will be slow longer.
* * * LOW HITPOINT WARNING * * *
The starcursed mass shrieks in your mind.
* * * LOW HITPOINT WARNING * * *
2 spatial vortices come into view.
You feel much better.
You are engulfed in dark miasma.
You are more poisoned.
You feel as though you will be slow longer.
* * * LOW HITPOINT WARNING * * *
x2 You feel extremely sick.
You block the spatial maelstrom's attack. x2
You block the death drake's attack. The death drake closely misses you.
A spatial vortex comes into view.
You feel much better.
You are engulfed in dark miasma.
You are more poisoned.
You feel as though you will be slow longer.
* * * LOW HITPOINT WARNING * * *
x2 Your body deteriorates!
You feel weakened.
You feel extremely sick. You block the death drake's attack.
The starcursed mass shrieks in your mind.
* * * LOW HITPOINT WARNING * * *
The death drake closely misses you.
A starcursed mass splits.
Blink to where?
Press: ? - help, Dir - move target, p - starcursed mass
As you read the scroll of blinking, it crumbles to dust.
You die...

,{ #.#### k ,.***
, , ,* *{,
#X#§#.##.{#*** * *
* , ,,#.kX#v,#.###
* ** , *
,#..(v(Xv..#....#
..* , ,*
#.#.####....#...#
, * , ,
#..,...##.#...#*.*
*, , , , #. .#.
..##..## . ** ,*
*, # *.. ##
.#.#.,## ,* , , ##
.. ##@##.. * * ,*
, , ,**, .#
,,##.#.* ,** **, ,
* , * . ,##.#.#.*
*, , . #*#...##.,*
, **,...##..##*.,
*,* *,.,#.,..#.#
,,, , ,* ** *# #
###### * , * *∩ ,
* * ** .,#, .
,,3.,,* * , * # .
*# #§* , ,,* *


You could see a starcursed mass and a spatial vortex (wandering).

Vanquished Creatures
  A dread lich (Crypt:2)
  An ancient lich (Crypt:3)
  Mara (Spider:3)
  Margery (Depths:5)
  Saint Roka (Vaults:3)
  Xtahua (Crypt:1)
  A golden dragon (Depths:5)
  A doom hound (Crypt:2)
  A bone dragon (Depths:5)
  The ghost of agentgt the Covert, an adept HuVM of Kikubaaqudgha (Elf:1)
  Jorgrun (Orc:1)
  The ghost of Laraso the Earth Mage, an adept DsEE of Hepliaklqana (Elf:3)
  A lich (D:15)
  4 deep elf blademasters (Elf:3)
  A deep elf master archer (Elf:3)
  An Executioner (Abyss:2)
  5 tentacled starspawn
  Kirke (Spider:1)
  An ancient champion (Crypt:2)
  The ghost of Rallik the Warrior, an adept MiHu of Okawaru (Shoals:3)
  5 sphinxes
  2 shadow dragons
  Donald (Shoals:1)
  A draconian monk (Depths:5)
  A storm dragon (Depths:4)
  2 revenants
  2 fire giants
  9 vault wardens
  Aizul (Orc:2)
  7 deep elf sorcerers (Elf:3)
  Louise (Shoals:2)
  2 emperor scorpions
  4 ghost moths
  2 deep elf elementalists (Elf:3)
  2 orc warlords
  3 frost giants
  A draconian shifter (Depths:5)
  3 curse skulls
  2 ghouls (Crypt:2)
  11 very ugly things
  A war gargoyle (Vaults:2)
  4 reapers (Crypt:2)
  9 stone giants
  11 ironbound preservers
  10 vampire knights
  A deep elf demonologist (Elf:3)
  3 entropy weavers
  3 white draconians (Depths:5)
  5 dire elephants
  A yellow draconian (Depths:5)
  7 deep elf annihilators
  7 spark wasps
  A minotaur (Lair:3)
  6 merfolk javelineers
  6 deep elf death magi (Elf:3)
  The ghost of duskshroud the Severer, a journeyman MiBe of Trog (Lair:3)
  2 spectral hellephants (Crypt:2)
  Snorg (Orc:2)
  3 eidola
  2 fire dragons
  A blizzard demon (Abyss:2)
  A crystal guardian (Vaults:2)
  8 merfolk impalers
  4 ettins
  A quicksilver dragon zombie (Crypt:3)
  7 jiangshi
  12 great orbs of eyes
  Fannar (Lair:2)
  7 deep elf high priests
  7 ironbound thunderhulks
  7 yaktaur captains
  11 hydras
  5 vault guards
  8 ice dragons
  3 peacekeepers
  3 rakshasas
  Erolcha (D:11)
  2 hell beasts (Depths:1)
  A catoblepas (Lair:6)
  A salamander tyrant (Depths:5)
  2 spriggan air magi
  5 ironbound frosthearts
  2 alligator snapping turtles
  Erica (Orc:1)
  4 satyrs
  17 centaur warriors
  7 merfolk aquamancers
  12 death yaks
  3 merfolk avatars
  8 tengu warriors
  5 two-headed ogres
  27 dancing weapons
  5 deep troll earth magi
  A deep troll shaman (Lair:6)
  2 hell hogs (Depths:1)
  7 thrashing horrors
  9 orc high priests
  A spriggan berserker (Depths:2)
  6 ironbound beastmasters
  3 vampire magi
  A titan zombie (Crypt:3)
  A spectral elf (Crypt:2)
  13 deep elf knights
  8 hell knights
  2 soul eaters (Depths:1)
  3 sun demons (D:15)
  2 salamander mystics (Depths:5)
  A wretched star (Abyss:2)
  A shadow wraith (Crypt:2)
  4 iron trolls
  43 deep trolls
  A goliath frog (shapeshifter) (Vaults:1)
  10 sea snakes
  13 skeletal warriors
  2 flayed ghosts
  3 gelid demonspawn (Orc:2)
  A spatial maelstrom (Abyss:1)
  A shadow demon (Crypt:2)
  A torturous demonspawn (Depths:2)
  An infernal demonspawn (Orc:2)
  4 starcursed masses
  17 wizards
  6 deep elf archers
  7 lindwurms
  A spectral wolf spider (Spider:4)
  8 phantasmal warriors
  A bunyip skeleton (Crypt:1)
  4 necromancers
  A glowing orange brain (Abyss:2)
  22 deep elf zephyrmancers
  10 ironbound convokers
  10 orc knights
  12 harpies
  18 orb spiders
  43 ugly things
  28 deep elf pyromancers
  25 wolf spiders
  5 orc sorcerers
  A shadow dragon skeleton (Vaults:4)
  4 oklob plants (Lair:1)
  25 manticores
  4 fauns
  3 moths of wrath
  An iron dragon zombie (Crypt:3)
  A sphinx skeleton (Crypt:1)
  A will-o-the-wisp (Abyss:2)
  5 salamanders (Depths:5)
  4 cyclopes
  14 vault sentinels
  A stone giant skeleton (Crypt:3)
  5 torpor snails
  8 fire giant skeletons
  4 large abominations (Abyss:2)
  6 black mambas
  10 elephants
  A merfolk siren (Shoals:1)
  4 orange demons
  3 water nymphs
  3 smoke demons
  An elephant slug zombie (Crypt:2)
  2 ice statues (D:15)
  A storm dragon simulacrum (Vaults:4)
  The ghost of Leeroy the Ducker, a novice DrWr of Okawaru (D:8)
  2 gargoyles (Crypt:3)
  22 cane toads
  2 rime drakes
  A spark wasp simulacrum (Spider:4)
  2 unseen horrors
  2 efreet (D:15)
  A freezing wraith (D:15)
  A grey draconian skeleton (Crypt:2)
  18 nameless horrors
  An iron troll zombie (Crypt:2)
  11 komodo dragons
  2 tengu conjurers
  3 hellwings
  A ghost moth simulacrum (Spider:4)
  11 demonic crawlers
  12 merfolk
  An entropy weaver simulacrum (Spider:4)
  3 red devils
  42 yaktaurs
  7 meliai
  12 trolls
  6 wind drakes
  10 hornets
  Grinder (D:3)
  19 jumping spiders
  8 polar bears
  30 blink frogs
  A harpy skeleton (Crypt:3)
  A fire dragon zombie (Crypt:3)
  2 raiju (Abyss:2)
  5 dream sheep
  A satyr zombie (Crypt:1)
  6 snapping turtles
  26 slime creatures
  3 air elementals
  2 spriggans (Depths:2)
  7 vampires
  A guardian serpent skeleton (Crypt:1)
  A ynoxinul (Abyss:1)
  65 redbacks
  36 tarantellas
  11 wraiths
  12 water elementals
  An elf zombie (Vaults:4)
  2 shadows
  78 yaks
  10 fire dragon skeletons (Crypt:3)
  3 wyverns
  2 hogs (Spider:1)
  3 basilisks
  A tyrant leech zombie (Crypt:2)
  4 chaos spawn
  A fire elemental (Elf:3)
  A human (D:14)
  2 neqoxecs (Abyss:2)
  13 vampire mosquitoes
  2 steam dragons
  2 acid dragons
  4 wargs
  16 water moccasins
  A jumping spider simulacrum (Spider:4)
  A tarantella simulacrum (Spider:4)
  A black bear (Lair:6)
  26 orc warriors
  An ice beast (Abyss:1)
  A sky beast (D:6)
  An ettin simulacrum (Vaults:4)
  5 boggarts
  A necrophage (Crypt:2)
  32 wolves
  A lindwurm zombie (Crypt:2)
  A snapping turtle skeleton (Crypt:3)
  14 centaurs
  9 ogres
  2 phantoms
  A hog skeleton (Crypt:1)
  2 kobold brigands
  14 bullfrogs
  2 gnoll sergeants
  4 small abominations
  An earth elemental (Elf:3)
  A wyvern skeleton (D:7)
  2 water moccasin skeletons
  A killer bee (D:10)
  A spriggan skeleton (Crypt:1)
  3 wights (D:8)
  6 electric eels
  A wolf zombie (Crypt:1)
  2 howler monkeys
  2 crimson imps (Abyss:2)
  2 centaur zombies
  A bullfrog zombie (D:6)
  4 hounds
  A jelly (D:6)
  24 orc priests
  Crazy Yiuf (D:4)
  3 iron imps (Abyss:1)
  Jessica (D:2)
  3 centaur skeletons
  An iguana (D:5)
  10 orc wizards
  5 hell rats (Lair:5)
  A centaur simulacrum (D:8)
  A hound skeleton (D:5)
  2 killer bee simulacra (D:8)
  2 howler monkey zombies
  Robin (D:3)
  5 adders
  7 gnolls
  A howler monkey skeleton (Crypt:1)
  A shadow imp (Abyss:2)
  6 white imps
  2 ufetubi
  2 worms
  2 dart slugs
  48 orcs
  8 ball pythons
  6 bats
  8 endoplasms
  2 giant cockroaches
  14 goblins
  A hobgoblin (shapeshifter) (Elf:3)
  9 hobgoblins
  3 jackals (D:3)
  18 kobolds
  3 quokkas
  A ball python zombie (Crypt:1)
  2 frilled lizards
  4 rats
1750 creatures vanquished.

Vanquished Creatures (collateral kills)
  Nikola (Shoals:4)
  A bone dragon (Crypt:3)
  Arachne (Spider:2)
  3 liches (Crypt:3)
  Asterion (Spider:3)
  A deep elf master archer (Elf:3)
  A deep elf blademaster (Elf:2)
  The ghost of robertstho the Eclecticist, an adept DjFE of Hepliaklqana (Spider:4)
  A revenant (Crypt:2)
  2 vault wardens
  A deep elf sorcerer (Elf:3)
  An emperor scorpion (Spider:4)
  A deep elf elementalist (Elf:3)
  A reaper (Depths:1)
  5 very ugly things
  2 ironbound preservers
  The ghost of Phlounder the Thaumaturge, a journeyman DjEE of Makhleb (Orc:2)
  A stone giant (Depths:5)
  3 war gargoyles (Crypt:3)
  3 vampire knights
  2 dire elephants (Vaults:2)
  A deep elf annihilator (Elf:3)
  An entropy weaver (Vaults:4)
  2 deep elf death magi
  A green death (Depths:2)
  An ettin (Depths:5)
  5 jiangshi
  2 merfolk javelineers (Shoals:4)
  A merfolk impaler (Shoals:1)
  4 fire dragons
  A yaktaur captain (Vaults:3)
  3 rakshasas
  2 great orbs of eyes
  A vault guard (D:14)
  An ice dragon (Depths:2)
  2 ironbound thunderhulks (Vaults:2)
  2 boulder beetles
  An ironbound frostheart (Vaults:4)
  3 dancing weapons
  2 alligator snapping turtles
  A spectral elf (Crypt:2)
  2 orc high priests (Orc:2)
  2 ironbound beastmasters
  4 vampire magi
  A hell hog (Depths:1)
  A spriggan berserker (Depths:2)
  A hell knight (Depths:1)
  A deep elf knight (Elf:2)
  An iron troll (D:15)
  3 deep trolls
  12 skeletal warriors
  A glowing orange brain (Depths:2)
  An orc knight (Vaults:2)
  A deep elf archer (Elf:1)
  A lindwurm (Vaults:2)
  4 phantasmal warriors (Crypt:2)
  2 ironbound convokers
  2 deep elf zephyrmancers
  2 orb spiders
  5 deep elf pyromancers
  4 harpies (Shoals:4)
  3 cyclopes
  3 fauns
  An orc sorcerer (Orc:2)
  9 ugly things
  5 manticores
  A fire giant skeleton (Crypt:3)
  A dire elephant zombie (Crypt:3)
  An orange demon (Orc:2)
  An iron dragon skeleton (Crypt:3)
  2 vault sentinels
  2 smoke demons (Depths:1)
  2 gargoyles (Crypt:3)
  5 yaktaurs
  A spectral redback (Spider:4)
  A demonic crawler (Spider:1)
  2 merfolk (Shoals:4)
  A spectral moth of wrath (Spider:4)
  A hornet (Spider:4)
  5 jumping spiders
  A troll (D:13)
  2 snapping turtles (Shoals:4)
  2 slime creatures
  A black mamba zombie (Crypt:3)
  2 redbacks
  A shadow (Crypt:3)
  A water elemental (Depths:1)
  An air elemental (Elf:3)
  4 tarantellas
  2 wraiths
  2 vampires (Crypt:3)
  A hog (Spider:1)
  A fire dragon skeleton (Crypt:3)
  A neqoxec (Orc:2)
  A large abomination (Abyss:2)
  A human (D:14)
  A chaos spawn (Depths:2)
  A redback simulacrum (Spider:4)
  A warg (D:15)
  5 nameless horrors
  A jumping spider simulacrum (Spider:4)
  10 orc warriors
  An ogre (Orc:2)
  5 centaurs
  An orb spider simulacrum (Spider:4)
  A two-headed ogre simulacrum (Orc:2)
  A yak skeleton (Crypt:2)
  6 orc priests
  A warg simulacrum (Orc:2)
  An orc wizard (Orc:2)
  4 spectral orcs (Orc:2)
  An ogre simulacrum (Orc:2)
  An ufetubus (Abyss:2)
  9 orcs
  A goblin zombie (Crypt:1)
245 creatures vanquished.

Vanquished Creatures (others)
  A draconian knight (Depths:5)
  A vault warden (Vaults:2)
  A deep elf sorcerer (Elf:3)
  A deep elf elementalist (Elf:1)
  A very ugly thing (Depths:1)
  A stone giant (Depths:1)
  A deep elf annihilator (Elf:3)
  An ettin (Depths:5)
  2 deep elf high priests
  A merfolk impaler (Shoals:4)
  A deep troll earth mage (Depths:1)
  3 deep troll shamans
  3 deep elf knights
  2 hell knights (Depths:4)
  2 iron trolls
  A sea snake (Shoals:4)
  4 deep trolls
  A deep elf pyromancer (Elf:1)
  A wolf spider (Spider:4)
  3 ugly things
  A merfolk siren (Shoals:4)
  A torpor snail (Spider:4)
  4 merfolk (Shoals:4)
  A dream sheep (Lair:6)
  A snapping turtle (Shoals:4)
  A redback (Spider:2)
  3 yaks (Lair:6)
  2 humans (Spider:1)
  A howler monkey (D:12)
  A bush (Lair:5)
  32 fungi
  233 plants
  9 starspawn tentacles
  3 withered plants (Crypt:3)
325 creatures vanquished.

Grand Total: 2320 creatures vanquished

Notes
Turn   | Place    | Note
-------+----------+-------------------------------------------
     0 | D:1      | dolemite99 the Gnoll Monk began the quest for the Orb.
     0 | D:1      | Reached XP level 1. HP: 23/23 MP: 1/1
   271 | D:1      | Reached XP level 2. HP: 29/29 MP: 2/2
   687 | D:1      | Reached XP level 3. HP: 34/35 MP: 3/3
  1180 | D:2      | Noticed Jessica
  1292 | D:2      | Killed Jessica
  1293 | D:2      | Reached skill level 1 in Short Blades
  1293 | D:2      | Reached skill level 1 in Long Blades
  1293 | D:2      | Reached skill level 1 in Axes
  1293 | D:2      | Reached skill level 1 in Maces & Flails
  1293 | D:2      | Reached skill level 1 in Staves
  1293 | D:2      | Reached skill level 1 in Slings
  1293 | D:2      | Reached skill level 1 in Bows
  1293 | D:2      | Reached skill level 1 in Crossbows
  1293 | D:2      | Reached skill level 1 in Throwing
  1293 | D:2      | Reached skill level 1 in Armour
  1293 | D:2      | Reached skill level 1 in Shields
  1293 | D:2      | Reached skill level 1 in Unarmed Combat
  1293 | D:2      | Reached skill level 1 in Spellcasting
  1293 | D:2      | Reached skill level 1 in Invocations
  1293 | D:2      | Reached skill level 1 in Evocations
  1398 | D:2      | Reached XP level 4. HP: 41/41 MP: 5/5
  1628 | D:2      | Found Taener's Antique Armour Shop.
  1746 | D:2      | Found a faded altar of an unknown god.
  1761 | D:2      | Became a worshipper of Ashenzari the Shackled
  1796 | D:2      | Found Rurphud's Assorted Antiques.
  1800 | D:2      | Bought a scroll labelled ECZAPL BEEFEST for 32 gold pieces
  2006 | D:2      | Found Uxas's Armour Shoppe.
  2438 | D:3      | Noticed Robin
  2707 | D:3      | Reached skill level 1 in Conjurations
  2707 | D:3      | Reached skill level 1 in Hexes
  2707 | D:3      | Reached skill level 1 in Summonings
  2707 | D:3      | Reached skill level 1 in Necromancy
  2707 | D:3      | Reached skill level 1 in Translocations
  2707 | D:3      | Reached skill level 1 in Transmutations
  2707 | D:3      | Reached skill level 1 in Fire Magic
  2707 | D:3      | Reached skill level 1 in Ice Magic
  2707 | D:3      | Reached skill level 1 in Air Magic
  2707 | D:3      | Reached skill level 1 in Earth Magic
  2707 | D:3      | Reached skill level 1 in Poison Magic
  2750 | D:3      | Killed Robin
  3096 | D:3      | Reached XP level 5. HP: 46/47 MP: 6/6
  3175 | D:3      | Reached * piety under Ashenzari
  3532 | D:3      | Noticed Grinder
  3732 | D:4      | Found a blossoming altar of Fedhas.
  4059 | D:4      | Reached XP level 6. HP: 53/53 MP: 8/8
  4769 | D:4      | Found a runed translucent door.
  4770 | D:4      | Noticed Crazy Yiuf
  4795 | D:5      | Entered Level 5 of the Dungeon
  4803 | D:5      | Reached ** piety under Ashenzari
  4821 | D:5      | Reached XP level 7. HP: 59/59 MP: 10/10
  4833 | D:5      | Found a radiant altar of Vehumet.
  5093 | D:5      | Reached skill level 5 in Stealth
  5676 | D:5      | Reached XP level 8. HP: 67/67 MP: 12/12
  5691 | D:5      | Identified the cursed +1 helmet of the Chained Urgency
                  | {Alch, Cun} (You took it off Robin on level 3 of the
                  | Dungeon)
  5691 | D:5      | Identified the cursed +0 pair of gloves "Ruined With Me"
                  | {Bglg, Comp} (You found it on level 2 of the Dungeon)
  5937 | D:6      | Noticed a deep elf pyromancer
  5945 | D:6      | Killed a deep elf pyromancer
  6121 | D:6      | Reached XP level 9. HP: 66/72 MP: 14/14
  6415 | D:2      | Bought a glowing chain mail for 202 gold pieces
  6936 | D:6      | Found a staircase to the Ecumenical Temple.
  6948 | Temple   | Entered the Ecumenical Temple
  7750 | D:7      | Reached skill level 6 in Stealth
  8189 | D:7      | Reached *** piety under Ashenzari
  8718 | D:7      | Reached skill level 5 in Invocations
  9101 | D:8      | Noticed a hornet
  9108 | D:8      | Killed a hornet
  9662 | D:8      | Reached XP level 10. HP: 66/80 MP: 17/17
 10037 | D:8      | Reached skill level 5 in Short Blades
 10037 | D:8      | Reached skill level 5 in Long Blades
 10037 | D:8      | Reached skill level 5 in Axes
 10037 | D:8      | Reached skill level 5 in Maces & Flails
 10037 | D:8      | Reached skill level 5 in Staves
 10037 | D:8      | Reached skill level 5 in Slings
 10037 | D:8      | Reached skill level 5 in Bows
 10037 | D:8      | Reached skill level 5 in Crossbows
 10037 | D:8      | Reached skill level 5 in Throwing
 10037 | D:8      | Reached skill level 5 in Armour
 10037 | D:8      | Reached skill level 5 in Shields
 10037 | D:8      | Reached skill level 5 in Unarmed Combat
 10037 | D:8      | Reached skill level 5 in Spellcasting
 10037 | D:8      | Reached skill level 5 in Evocations
 10987 | D:8      | Identified a scroll of acquirement
 11009 | D:8      | Acquired 1110 gold pieces
 11097 | D:2      | Bought a brightly glowing scale mail for 243 gold pieces
 11097 | D:2      | Identified the +9 scale mail of Pleasant Breezes {Fly rElec
                  | rF+ Dex+2} (You bought it in a shop on level 2 of the
                  | Dungeon)
 11861 | D:8      | HP: 3/82 [acid (12)]
 12444 | D:7      | Reached skill level 7 in Stealth
 12596 | D:2      | Bought a grey potion for 28 gold pieces
 12596 | D:2      | Bought a scroll labelled YTETTUXZAKUISM for 32 gold pieces
 12596 | D:2      | Bought a potion of curing for 96 gold pieces
 12604 | D:2      | Learned a level 2 spell: Slow
 12691 | D:3      | Paralysed by Grinder for 5 turns
 12699 | D:3      | Killed Grinder
 12781 | D:4      | Killed Crazy Yiuf
 12970 | D:8      | Found a runed translucent door.
 12971 | D:8      | Noticed Leeroy's ghost (novice DrWr)
 13068 | D:9      | Found Virch's Elemental Accessories.
 13228 | D:9      | Bought a staff of cold for 325 gold pieces
 13228 | D:9      | Bought a tin of tremorstones (2/2) for 520 gold pieces
 13415 | D:9      | Found an ancient bone altar of Kikubaaqudgha.
 13416 | D:9      | Found a hide-covered altar of Uskayaw.
 13417 | D:9      | Found an opulent altar of Gozag.
 13418 | D:9      | Found a basalt altar of Yredelemnul.
 13582 | D:9      | Found a white marble altar of Elyvilon.
 14374 | D:10     | Entered Level 10 of the Dungeon
 14453 | D:10     | Noticed a two-headed ogre
 14469 | D:10     | Killed a two-headed ogre
 14470 | D:10     | Reached XP level 11. HP: 89/89 MP: 19/19
 14506 | D:10     | Reached skill level 5 in Conjurations
 14506 | D:10     | Reached skill level 5 in Hexes
 14506 | D:10     | Reached skill level 5 in Summonings
 14506 | D:10     | Reached skill level 5 in Necromancy
 14506 | D:10     | Reached skill level 5 in Translocations
 14506 | D:10     | Reached skill level 5 in Transmutations
 14506 | D:10     | Reached skill level 5 in Fire Magic
 14506 | D:10     | Reached skill level 5 in Ice Magic
 14506 | D:10     | Reached skill level 5 in Air Magic
 14506 | D:10     | Reached skill level 5 in Earth Magic
 14506 | D:10     | Reached skill level 5 in Poison Magic
 14567 | D:10     | Found a staircase to the Lair.
 15818 | D:10     | Found a staircase to the Orcish Mines.
 16398 | D:9      | Bought a wand of flame (16) for 117 gold pieces
 16502 | D:11     | Noticed a manticore
 16513 | D:11     | Noticed a two-headed ogre
 16515 | D:11     | Killed a manticore
 16520 | D:11     | Killed a two-headed ogre
 16808 | D:11     | Noticed a two-headed ogre
 16827 | D:11     | Reached skill level 8 in Stealth
 16828 | D:11     | Killed a two-headed ogre
 16943 | D:11     | Noticed a two-headed ogre
 16954 | D:11     | Killed a two-headed ogre
 16955 | D:11     | Reached XP level 12. HP: 52/96 MP: 22/22
 17343 | D:11     | Learned a level 3 spell: Teleport Other
 17347 | D:11     | Learned a level 3 spell: Dazzling Flash
 17494 | D:11     | Noticed Erolcha
 17497 | D:11     | Killed Erolcha
 17508 | D:11     | Noticed a five-headed hydra
 17514 | D:11     | Killed a five-headed hydra
 18049 | Lair:1   | Entered Level 1 of the Lair of Beasts
 18466 | Lair:1   | Identified the +2 robe of Feguck {Dex+4}
 19160 | Lair:1   | Reached skill level 10 in Fighting
 19160 | Lair:1   | Reached skill level 10 in Polearms
 19160 | Lair:1   | Reached skill level 10 in Dodging
 19512 | Lair:1   | Identified the Papyrus of Captivating Lightness
 19839 | Lair:1   | Noticed a four-headed hydra
 19842 | Lair:1   | Killed a four-headed hydra
 20236 | Lair:2   | Noticed Fannar
 20251 | Lair:2   | Reached XP level 13. HP: 103/103 MP: 24/24
 20291 | Lair:2   | Reached skill level 9 in Stealth
 20595 | Lair:2   | Killed Fannar
 20722 | Lair:2   | Found a hole to the Spider Nest.
 22189 | Lair:3   | Noticed a minotaur
 22198 | Lair:3   | Noticed duskshroud's ghost (journeyman MiBe)
 22493 | Lair:3   | Found a runed translucent gate.
 22493 | Lair:3   | Found a runed translucent gate.
 22493 | Lair:3   | Found a runed translucent gate.
 23058 | Lair:3   | Found a staircase to the Shoals.
 24356 | Lair:5   | Found a viscous altar of Jiyva.
 24357 | Lair:5   | Found a staircase to the Slime Pits.
 24672 | Lair:5   | Reached XP level 14. HP: 67/111 MP: 26/26
 25507 | Lair:6   | Entered Level 6 of the Lair of Beasts
 25520 | Lair:5   | Learned a level 5 spell: Yara's Violent Unravelling
 26190 | Lair:5   | Reached skill level 10 in Stealth
 27100 | Lair:5   | Reached skill level 10 in Invocations
 30388 | Lair:6   | Reached XP level 15. HP: 112/119 MP: 28/28
 32117 | Lair:6   | Reached skill level 10 in Short Blades
 32117 | Lair:6   | Reached skill level 10 in Long Blades
 32117 | Lair:6   | Reached skill level 10 in Axes
 32117 | Lair:6   | Reached skill level 10 in Maces & Flails
 32117 | Lair:6   | Reached skill level 10 in Staves
 32117 | Lair:6   | Reached skill level 10 in Slings
 32117 | Lair:6   | Reached skill level 10 in Bows
 32117 | Lair:6   | Reached skill level 10 in Crossbows
 32117 | Lair:6   | Reached skill level 10 in Throwing
 32117 | Lair:6   | Reached skill level 10 in Armour
 32117 | Lair:6   | Reached skill level 10 in Shields
 32117 | Lair:6   | Reached skill level 10 in Unarmed Combat
 32117 | Lair:6   | Reached skill level 10 in Spellcasting
 32117 | Lair:6   | Reached skill level 10 in Evocations
 32419 | Orc:1    | Entered Level 1 of the Orcish Mines
 32669 | Orc:1    | Noticed Jorgrun
 32696 | Orc:1    | Killed Jorgrun
 32699 | Orc:1    | Noticed Erica
 32734 | Orc:1    | Killed Erica
 32873 | D:9      | Bought the Incunabulum of Air for 780 gold pieces
 32879 | D:9      | Learned a level 4 spell: Summon Lightning Spire
 32936 | Orc:1    | Learned a level 3 spell: Mephitic Cloud
 33045 | Orc:1    | Found a dark tunnel.
 33494 | Orc:2    | Entered Level 2 of the Orcish Mines
 33971 | Orc:2    | Noticed Snorg
 33994 | Orc:2    | Killed Snorg
 34169 | Orc:2    | Found a staircase to the Elven Halls.
 34595 | Orc:2    | Found a runed translucent gate.
 34601 | Orc:2    | Found a runed translucent gate.
 34603 | Orc:2    | Found a runed translucent gate.
 34613 | Orc:2    | Noticed Phlounder's ghost (journeyman DjEE)
 34809 | Orc:2    | Found Otihinn's General Store.
 34843 | Orc:2    | Cast into level 1 of the Abyss (chaos spawn)
 34938 | Abyss:1  | Noticed a tentacled starspawn
 34960 | Abyss:1  | Killed a tentacled starspawn
 34961 | Abyss:1  | Reached skill level 11 in Stealth
 35006 | Abyss:1  | Reached **** piety under Ashenzari
 35184 | Orc:2    | Escaped the Abyss
 35221 | Orc:2    | Found Pubraidush's Distillery.
 35242 | Orc:2    | Gained mutation: You are occasionally teleported next to
                  | monsters. [a neqoxec]
 36526 | D:13     | Found Joetyh's Antique Weapon Shop.
 37645 | D:13     | Reached XP level 16. HP: 127/127 MP: 30/30
 37967 | D:14     | Cast into level 2 of the Abyss (a wizard)
 38283 | Abyss:2  | Gained mutation: Your spells are a little easier to cast,
                  | but a little less powerful. [a neqoxec]
 38307 | D:14     | Escaped the Abyss
 38501 | D:14     | Found a gate to the Vaults.
 38624 | D:14     | Found an opulent altar of Gozag.
 38977 | D:14     | Reached ***** piety under Ashenzari
 39191 | D:15     | Entered Level 15 of the Dungeon
 39236 | D:15     | Found a frozen archway.
 39404 | D:15     | Acquired 797 gold pieces
 41074 | Orc:2    | Found Sacku's Antique Armour Boutique.
 41074 | Orc:2    | Found Waurphon's Jewellery Shop.
 41074 | Orc:2    | Found a one-way gate leading to the halls of Pandemonium.
 41146 | Orc:2    | Bought a pair of embroidered gloves for 150 gold pieces
 41155 | Orc:2    | Bought a ring of protection from cold for 350 gold pieces
 41296 | Orc:2    | Bought a shimmering chain mail for 190 gold pieces
 41296 | Orc:2    | Identified the +3 chain mail of the Undertaker {rPois rC+}
                  | (You bought it in a shop on level 2 of the Orcish Mines)
 41433 | Orc:2    | Bought 2 potions of heal wounds for 180 gold pieces
 41433 | Orc:2    | Bought a potion of brilliance for 72 gold pieces
 41433 | Orc:2    | Bought a potion of lignification for 54 gold pieces
 41435 | Orc:2    | Bought a scroll of teleportation for 45 gold pieces
 41435 | Orc:2    | Bought a scroll of enchant armour for 112 gold pieces
 41559 | Spider:1 | Entered Level 1 of the Spider Nest
 41747 | Spider:1 | Learned a level 5 spell: Silence
 41908 | Spider:1 | Noticed Kirke
 41934 | Spider:1 | Killed Kirke
 42469 | Spider:1 | Reached XP level 17. HP: 135/135 MP: 32/32
 42973 | Spider:2 | Noticed Arachne
 43396 | Shoals:1 | Entered Level 1 of the Shoals
 43396 | Shoals:1 | Noticed Donald
 43406 | Shoals:1 | Killed Donald
 43407 | Shoals:1 | Reached skill level 12 in Stealth
 44103 | Shoals:1 | Found Luimufav's Book Shoppe.
 44244 | Shoals:1 | Bought Great Wizards, Vol. II for 418 gold pieces
 44250 | Shoals:1 | Learned a level 5 spell: Borgnjor's Vile Clutch
 45259 | Shoals:2 | Noticed Louise
 45271 | Shoals:2 | Killed Louise
 45890 | Shoals:2 | Learned a level 5 spell: Freezing Cloud
 46764 | Spider:2 | Killed Arachne
 47155 | Spider:2 | Found a hide-covered altar of Uskayaw.
 47992 | Spider:3 | Reached skill level 10 in Conjurations
 47992 | Spider:3 | Reached skill level 10 in Hexes
 47992 | Spider:3 | Reached skill level 10 in Summonings
 47992 | Spider:3 | Reached skill level 10 in Necromancy
 47992 | Spider:3 | Reached skill level 10 in Translocations
 47992 | Spider:3 | Reached skill level 10 in Transmutations
 47992 | Spider:3 | Reached skill level 10 in Fire Magic
 47992 | Spider:3 | Reached skill level 10 in Ice Magic
 47992 | Spider:3 | Reached skill level 10 in Air Magic
 47992 | Spider:3 | Reached skill level 10 in Earth Magic
 47992 | Spider:3 | Reached skill level 10 in Poison Magic
 48587 | Spider:3 | Acquired a +3 scimitar of holy wrath
 48781 | Spider:3 | Noticed Mara
 48790 | Spider:3 | Noticed dolemite99's illusion
 48799 | Spider:3 | Killed Mara
 48799 | Spider:3 | Noticed Asterion
 49732 | Shoals:3 | Reached XP level 18. HP: 139/149 MP: 31/35
 50580 | Shoals:3 | Found a runed translucent door.
 50581 | Shoals:3 | Found a shimmering altar of Xom.
 50581 | Shoals:3 | Noticed Rallik's ghost (adept MiHu)
 50582 | Shoals:3 | Identified the amulet "Arghafed" {Faith +Inv rC+ Slay+3}
 51060 | Shoals:3 | Found a burning altar of Makhleb.
 51425 | Spider:3 | Killed Asterion
 51867 | Spider:4 | Entered Level 4 of the Spider Nest
 53618 | Spider:4 | Found a runed translucent gate.
 53618 | Spider:4 | Found a runed translucent gate.
 53618 | Spider:4 | Found a runed translucent gate.
 53618 | Spider:4 | Noticed robertstho's ghost (adept DjFE)
 54360 | Spider:4 | Got a gossamer rune of Zot
 54966 | Vaults:1 | Entered Level 1 of the Vaults
 56323 | Vaults:1 | Reached skill level 13 in Stealth
 56779 | Vaults:1 | Identified the +3 hand crossbow of the Moon {penet, rCorr
                  | Str+2 Dex-5}
 56794 | Vaults:1 | Found a portal to a secret trove of treasure.
 56892 | Vaults:1 | Found Pozimism's Antique Weapon Shoppe.
 56945 | Vaults:1 | Reached XP level 19. HP: 48/157 MP: 3/37
 57330 | Vaults:1 | Bought a translucent hunting sling for 227 gold pieces
 57330 | Vaults:1 | Identified the +8 hunting sling "Aruun" {venom, *Slow rElec
                  | rN+++ Str-4} (You bought it in a shop on level 1 of the
                  | Vaults)
 61159 | Vaults:2 | Identified the +1 short sword "Arbiter" {speed, +Rage
                  | Int+5}
 61709 | Vaults:2 | Reached XP level 20. HP: 168/168 MP: 33/40
 62696 | Vaults:3 | Found the +18 shield of the Gong {rElec rN+ Will+ EV-5}
 62698 | Vaults:3 | Noticed Saint Roka
 64426 | Vaults:3 | Killed Saint Roka
 65045 | Vaults:3 | Reached skill level 14 in Stealth
 65471 | Vaults:3 | Found a staircase to the Crypt.
 66824 | Vaults:4 | Identified the +8 quarterstaff of Joabomn {flame, Int+6}
 67854 | Vaults:4 | Reached XP level 21. HP: 178/181 MP: 39/43
 69580 | Shoals:4 | Entered Level 4 of the Shoals
 69815 | Shoals:4 | Reached skill level 15 in Fighting
 69815 | Shoals:4 | Reached skill level 15 in Polearms
 69815 | Shoals:4 | Reached skill level 15 in Dodging
 69841 | Shoals:4 | Identified the ring of the King {rC+ rN+ rCorr}
 69906 | Shoals:4 | Reached skill level 15 in Invocations
 69930 | Shoals:4 | Noticed Nikola
 69951 | Shoals:4 | Got a barnacled rune of Zot
 72675 | Elf:1    | Entered Level 1 of the Elven Halls
 72726 | Elf:1    | Noticed Aizul
 72742 | Orc:2    | Killed Aizul
 73196 | Elf:1    | Paralysed by an air elemental for 1 turns
 74170 | Elf:1    | Found Fesem's Assorted Antiques.
 74195 | Elf:1    | Learned a level 6 spell: Eringya's Noxious Bog
 74320 | Elf:1    | Bought a pair of bloodstained gloves for 266 gold pieces
 74320 | Elf:1    | Identified the -5 pair of gloves "Engyiraa" {rC+ rN+} (You
                  | bought it in a shop on level 1 of the Elven Halls)
 74320 | Elf:1    | Bought 2 potions of resistance for 560 gold pieces
 74320 | Elf:1    | Bought a pair of embroidered boots for 210 gold pieces
 74322 | Elf:1    | Bought a scroll of silence for 210 gold pieces
 74325 | Elf:1    | Noticed agentgt's ghost (adept HuVM)
 74328 | Elf:1    | Found a runed translucent door.
 74334 | Elf:1    | Identified the +3 mace of the Poles {venom, *Corrode rF+++
                  | Str-3 Int+7}
 74377 | Elf:1    | Identified the Grimoire of the Entourage
 75016 | Elf:2    | Found Muxkion's Distillery.
 75024 | Elf:2    | Bought a potion of heal wounds for 65 gold pieces
 75024 | Elf:2    | Bought a potion of heal wounds for 65 gold pieces
 75216 | Lair:1   | Gained mutation: You expend magic power (3 MP) to
                  | strengthen your wands. [potion of mutation]
 75216 | Lair:1   | Gained mutation: Armour fits poorly on your strangely
                  | shaped body. [potion of mutation]
 75285 | Lair:2   | Lost mutation: Armour fits poorly on your strangely shaped
                  | body. [potion of mutation]
 75285 | Lair:2   | Lost mutation: Your spells are a little easier to cast, but
                  | a little less powerful. [potion of mutation]
 75285 | Lair:2   | Gained mutation: Your magical capacity is low. (-10% MP)
                  | [potion of mutation]
 75285 | Lair:2   | Gained mutation: You have a pair of small antennae on your
                  | head. [potion of mutation]
 75428 | D:5      | Lost mutation: You have a pair of small antennae on your
                  | head. [potion of mutation]
 75428 | D:5      | Lost mutation: Your magical capacity is low. (-10% MP)
                  | [potion of mutation]
 75428 | D:5      | Lost mutation: You expend magic power (3 MP) to strengthen
                  | your wands. [potion of mutation]
 75428 | D:5      | Gained mutation: You are clumsy. (Dex -2) [potion of
                  | mutation]
 75428 | D:5      | Gained mutation: Your magical capacity is low. (-10% MP)
                  | [potion of mutation]
 75656 | D:15     | Found a staircase to the Depths.
 75688 | Depths:1 | Entered Level 1 of the Depths
 76977 | D:15     | Reached XP level 22. HP: 176/188 MP: 34/39
 77350 | D:15     | Learned a level 6 spell: Shadow Creatures
 78087 | Depths:1 | Identified the +5 shortbow of Laupsuo {vorpal, rElec Int+3}
 78091 | Depths:1 | Found a gateway to Hell.
 78231 | Depths:1 | Found Qaejeung's Book Boutique.
 78237 | Depths:1 | Found Nicel's Magic Scroll Shop.
 78321 | Depths:1 | Found a sparkling altar of Nemelex Xobeh.
 78348 | Depths:1 | Found a shimmering blue altar of Sif Muna.
 78349 | Depths:1 | Identified Sif Muna's Almanac of Orientation
 78349 | Depths:1 | Identified Sif Muna's Incunabulum of Summoning
 78349 | Depths:1 | Identified Sif Muna's Incunabulum of Earth
 78866 | Depths:1 | Found a one-way gate to the infinite horrors of the Abyss.
 79921 | Depths:2 | Found a gateway to a ziggurat.
 79993 | Depths:2 | Found Maos's Antique Weapon Shop.
 79996 | Depths:2 | Found Jirhamip's Magic Scroll Emporium.
 81497 | Shoals:4 | Killed Nikola
 81498 | Shoals:4 | Reached skill level 15 in Stealth
 81594 | Shoals:4 | Identified the +10 fustibalus of Purpose {vorpal, rPois
                  | Int+2 Dex-5}
 81963 | Shoals:4 | Identified the -2 cloak of Minor Irritation {Dex+2 Slay+3}
 82557 | Shoals:4 | Identified Hermeneutics Continued
 82869 | D:8      | Killed Leeroy's ghost
 83124 | Depths:2 | Bought a scroll of blinking for 105 gold pieces
 83124 | Depths:2 | Bought a scroll of blinking for 105 gold pieces
 83580 | Lair:3   | Killed duskshroud's ghost
 83768 | Shoals:3 | Killed Rallik's ghost
 84515 | Spider:4 | Killed robertstho's ghost
 84551 | Spider:4 | Learned a level 6 spell: Simulacrum
 84831 | Orc:2    | Killed Phlounder's ghost
 85091 | Elf:1    | Killed agentgt's ghost
 87259 | Depths:3 | Found Riboonk's Jewellery Shop.
 89496 | Depths:4 | Identified the +0 plate armour of Catatonia {Rampage Fly
                  | Will-}
 90375 | Depths:3 | Reached skill level 15 in Throwing
 91958 | Depths:4 | Acquired the Unrestrained Analects
 91972 | Depths:4 | Reached XP level 23. HP: 150/192 MP: 11/40
 91978 | Depths:4 | Learned a level 4 spell: Olgreb's Toxic Radiance
 92192 | Depths:4 | Found Hieseqarhy's Magic Scroll Shop.
 92202 | Depths:4 | Bought a scroll of fear for 73 gold pieces
 92202 | Depths:4 | Bought a scroll of teleportation for 63 gold pieces
 92226 | Depths:4 | Found an opulent altar of Gozag.
 92541 | Depths:5 | Entered Level 5 of the Depths
 93533 | Depths:5 | Paralysed by a great orb of eyes for 7 turns
 93672 | Depths:5 | Noticed a golden dragon
 93701 | Depths:5 | Killed a golden dragon
 93702 | Depths:5 | Reached skill level 15 in Short Blades
 93702 | Depths:5 | Reached skill level 15 in Long Blades
 93702 | Depths:5 | Reached skill level 15 in Axes
 93702 | Depths:5 | Reached skill level 15 in Maces & Flails
 93702 | Depths:5 | Reached skill level 15 in Staves
 93702 | Depths:5 | Reached skill level 15 in Slings
 93702 | Depths:5 | Reached skill level 15 in Bows
 93702 | Depths:5 | Reached skill level 15 in Crossbows
 93702 | Depths:5 | Reached skill level 15 in Armour
 93702 | Depths:5 | Reached skill level 15 in Shields
 93702 | Depths:5 | Reached skill level 15 in Unarmed Combat
 93702 | Depths:5 | Reached skill level 15 in Spellcasting
 93702 | Depths:5 | Reached skill level 15 in Evocations
 94017 | Depths:5 | Noticed Margery
 94795 | Depths:5 | Reached skill level 16 in Stealth
 94807 | Depths:5 | Found a gate to the Realm of Zot.
 95697 | Depths:5 | Killed Margery
 96488 | Depths:5 | Noticed a golden dragon
 97126 | Depths:1 | Bought a scroll of blinking for 120 gold pieces
 97126 | Depths:1 | Bought a scroll of enchant armour for 120 gold pieces
 97129 | Depths:1 | Bought a scroll of fog for 32 gold pieces
 98035 | Elf:2    | Found a runed translucent gate.
 98036 | Elf:2    | Found a runed translucent gate.
 98036 | Elf:2    | Found a runed translucent gate.
 98150 | Elf:2    | Found Poalear's Distillery.
 98154 | Elf:2    | Paralysed by an air elemental for 1 turns
 98976 | Elf:3    | Entered Level 3 of the Elven Halls
 99139 | Elf:3    | Found Heus's Assorted Antiques.
 99140 | Elf:3    | Found a runed translucent gate.
 99140 | Elf:3    | Found a runed translucent gate.
 99147 | Elf:3    | Found a runed translucent gate.
 99150 | Elf:3    | Noticed Laraso's ghost (adept DsEE)
 99594 | Elf:3    | Reached XP level 24. HP: 201/201 MP: 40/40
 99603 | Elf:3    | Identified the +9 great mace "Aduitoz" {freeze, *Slow rN+
                  | Will+}
 99649 | Elf:3    | Identified the +7 scale mail "Qupoor" {rCorr}
100086 | Elf:3    | Identified the +5 long sword "Rurghihi" {vamp, *Corrode
                  | rPois Int+2 Dex+3}
100473 | Elf:3    | Learned a level 4 spell: Cause Fear
100483 | Elf:3    | Learned a level 7 spell: Ozocubu's Refrigeration
100586 | Elf:3    | Found the +9 scales of the Dragon King {rPois rF+ rC+
                  | Will+}
100587 | Elf:3    | Identified the Disquisition on Darkness and Execration
100592 | Elf:3    | Identified the +5 scythe "Paog" {spect, Int+4}
100607 | Elf:3    | Lost mutation: You are clumsy. (Dex -2) [potion of
                  | mutation]
100607 | Elf:3    | Lost mutation: Your magical capacity is low. (-10% MP)
                  | [potion of mutation]
100607 | Elf:3    | Gained mutation: Your body sometimes deteriorates upon
                  | taking damage. [potion of mutation]
100645 | Elf:3    | Identified the +7 quarterstaff "Risay" {holy, Str+5 Int-2}
100941 | Elf:3    | Killed Laraso's ghost
101090 | Elf:3    | Bought a potion of heal wounds for 195 gold pieces
101090 | Elf:3    | Bought a scroll of fear for 136 gold pieces
101452 | Crypt:1  | Entered Level 1 of the Crypt
101452 | Crypt:1  | Noticed Xtahua
101463 | Crypt:1  | Killed Xtahua
101464 | Crypt:1  | Reached skill level 17 in Stealth
102999 | Crypt:2  | Identified the +4 lajatang "Husurefy" {spect, Str+3 Dex+4}
102999 | Crypt:2  | Noticed a dread lich
103021 | Crypt:2  | HP: 10/202 [dread lich (5)]
103025 | Crypt:2  | Killed a dread lich
105301 | Crypt:3  | Entered Level 3 of the Crypt
106128 | Crypt:3  | Noticed an ancient lich
106136 | Crypt:3  | Killed an ancient lich
106218 | Crypt:3  | Found the +8 Wrath of Trog {antimagic, *Rage Rampage}
106518 | Crypt:3  | Reached XP level 25. HP: 199/210 MP: 30/45
106705 | Crypt:3  | Found an ancient bone altar of Kikubaaqudgha.
107378 | Crypt:3  | Identified the +4 shortbow "Isokk" {freeze, Dex+3}
107744 | Crypt:3  | Found the +4 dagger "Morg" {pain, Will+ Int+5}
107744 | Crypt:3  | Identified the Volume of the Flying Traveller
107744 | Crypt:3  | Identified the +5 dagger "Hydra's Curse" {vorpal, +Rage
                  | Dex+2}
108155 | Crypt:3  | Identified the ring "Dovaewk" {Int+4 SInv}
108247 | Crypt:3  | Found a staircase to the Tomb.
109400 | Depths:2 | Bought 2 scrolls of blinking for 210 gold pieces
109400 | Depths:2 | Bought a scroll of teleportation for 42 gold pieces
109400 | Depths:2 | Bought a scroll of teleportation for 42 gold pieces
109400 | Depths:2 | Bought a scroll of magic mapping for 49 gold pieces
109400 | Depths:2 | Bought a scroll of magic mapping for 49 gold pieces
109400 | Depths:2 | Bought a scroll of enchant armour for 105 gold pieces
109687 | D:2      | Bought a runed helmet for 202 gold pieces
110002 | Depths:4 | Bought 3 scrolls of teleportation for 189 gold pieces
110002 | Depths:4 | Bought a scroll of teleportation for 63 gold pieces
110054 | Depths:4 | Voluntarily entered the Abyss.
110288 | Abyss:1  | Found a sparkling altar of Nemelex Xobeh.
110309 | Abyss:2  | Found a corrupted altar of Lugonu.
110359 | Abyss:2  | Found a snail-covered altar of Cheibriados.
110466 | Abyss:2  | Reached skill level 18 in Stealth
110896 | Abyss:2  | Succumbed to a death drake's dark miasma

Illustrated notes

Levels and vault maps discovered:
D:1:      amcnicky_arrival_single_pillar, layout_loops_ring
D:2:      layout_loops_corners, hellmonk_ecumenical_altar_blasted, serial_shops,
          shop, nicolae_shop_overgrown_old_shop, nicolae_shop_trees,
          kennysheep_generic_room_9, uniq_jessica
D:3:      layout_loops_ring, kennysheep_generic_room_15, uniq_robin,
          uniq_grinder
D:4:      layout_loops_cross, mainiacjoe_overflow_cross_hatched,
          uniq_crazy_yiuf_cottage
D:5:      layout_basic, nicolae_vehumet_altar_sigil
D:6:      layout_basic, temple_hall, guppyfry_early_elven_hall
D:7:      layout_basic, minmay_misc_feat_room
D:8:      layout_rooms, ebering_ghost_inner_flame, serial_ice, serial_ice_f,
          serial_ice_k, serial_ice_o, serial_ice_a, minmay_strange_pillars
D:9:      layout_roguey, mainiacjoe_overflow_alcove_3,
          mainiacjoe_overflow_small_starburst, dk_noncrumbling_3,
          grunt_decor_cap, small_chamber_with_monster, nicolae_elemental_shop,
          grunt_decor_junction
D:10:     layout_irregular_city, david_lair_shrubbed, david_orc_3, minivault_22,
          minmay_quadrilaterals
D:11:     layout_loops_ring, uniq_erolcha
D:12:     layout_basic, mrwooster_statue_mirror
D:13:     layout_cave_pods, serial_shops, shop
D:14:     layout_roguey, grunt_vaults_entry_fortified, minmay_misc_feat_square,
          grunt_gozag_statues
D:15:     grunt_enter_depths_snipers, layout_irregular_city,
          serial_bayou_lagoon_a, portal_ice_cave_entry_ice_statue_two
Temple:   regret_index_temple_generic_petals
Lair:1:   cheibrodos_lair_river_kwai, layout_chaotic_city,
          minmay_lair_oklob_chamber, grunt_megastairs_2, serial_bayou_shore_a
Lair:2:   layout_chaotic_city, dummy_spider_entry,
          chequers_serial_rivers_micro_c, grunt_megastairs_5, uniq_fannar
Lair:3:   layout_cave_pods, elwin_shoals_entry_rooms,
          maelrawn_ghost_gauntlet_escape, cheibrodos_lair_lostbears,
          infiniplex_staircase_pool
Lair:4:   layout_gridlike, nicolae_quartered_pool_little, wad_woods_03
Lair:5:   layout_misc_corridors, slime_altar_1, minivault_23,
          chequers_serial_rivers_micro_d
Lair:6:   grunt_lair_end_beastmaster, layout_small_grid,
          grunt_forest_small_clearings, grunt_megastairs_4
Shoals:1: cheibrodos_shoals_roost, layout_shoals, serial_shops, shop,
          nicolae_shoals_spring_well_temple, uniq_donald
Shoals:2: layout_shoals, uniq_louise
Shoals:3: cheibrodos_shoals_epimethial_gifts, layout_shoals, ebering_ghost_xom,
          wheals_shoals_ruined_temple
Shoals:4: shoals_end_simple, layout_shoals, uniq_nikola
Spider:1: layout_spider_delve, drop_trap, uniq_kirke
Spider:2: layout_spider_delve, nicolae_spider_altar_of_dancing, uniq_arachne
Spider:3: layout_spider_delve, nicolae_spider_baby_got_redback, uniq_asterion,
          uniq_mara
Spider:4: spider_rune_water, gammafunk_ghost_necromancy,
          hangedman_spider_mandibles, nicolae_spider_not_touching_you
Orc:1:    layout_caves, enter_volcano_2, mines1_david, uniq_erica, uniq_jorgrun
Orc:2:    pf_orc_diabolical, layout_caves, gammafunk_ghost_necromancy,
          uniq_snorg
Elf:1:    minmay_elf_arrival_summoners, layout_loops_cross,
          ebering_ghost_reflecting_pool, serial_shops, nicolae_shop_waterfront,
          minmay_elf_demonology, uniq_aizul
Elf:2:    nicolae_elf_blades_crystal_corner, layout_gridlike, serial_shops,
          shop, shop_fountains
Elf:3:    minmay_elf_hall_four_x, layout_geoelf_grid, serial_shops, shop,
          gammafunk_ghost_split, columned_hall_lemuel
Vaults:1: nicolae_vaults_little_squares_5, nicolae_vaults_branching_niches,
          ontoclasm_vaults_pinch, nicolae_vaults_network_square,
          grunt_vaults_funnel, v_misc_18, v_rooms_3, v_misc_8,
          hangedman_vaults_unwind, nicolae_vaults_yaktaur_gun_rack,
          vaults_room_door_ring, vaults_room_hallway, vaults_dpeg_ring,
          v_misc_19, layout_vaults_maze, serial_shops, shop,
          nicolae_trove_entry_diagonal
Vaults:2: hangedman_vaults_nails, grunt_vaults_trifunnel,
          nicolae_vaults_little_squares_1, v_misc_22, v_misc_28, st_cells,
          v_misc_12, ontoclasm_vaults_ring_small, vaults_dpeg_encased_lava,
          nicolae_vaults_little_ls, v_misc_9, nicolae_vaults_alarming,
          nicolae_vaults_angled_halls, layout_vaults_ring
Vaults:3: minmay_crypt_entry_simple_round, hellmonk_guarded_unrand_gong,
          grunt_vaults_focal, nicolae_vaults_mini_display_case,
          hangedman_vaults_nails, ontoclasm_vaults_ring_large,
          ontoclasm_vaults_ligature, vaults_dpeg_diagonal, serial_ice_m,
          layout_vaults_omnigrid, uniq_saint_roka
Vaults:4: v_rooms_6, nicolae_vaults_an_arrangement, v_misc_1,
          hangedman_vaults_slice, v_pattern_1, nicolae_vaults_angled_halls,
          v_rooms_6, nicolae_vaults_rhombus_6, grunt_vaults_hallway_short,
          v_misc_26, ontoclasm_vaults_shuriken, layout_vaults_omnicross
Crypt:1:  layout_chaotic_city, st_stairs_5, grunt_crypt_arrival_split,
          uniq_xtahua
Crypt:2:  layout_misc_corridors, minmay_misc_feat_pillars, st_stairs_10,
          beargit_elvish_explorers
Crypt:3:  quadcrypt_mu
Depths:1: layout_cave_pools, nemelex_spade_bored_becter,
          abyss_entry_small_statue_room, hellmouth_2, nrook_pool_corridor,
          nicolae_sif_muna_little_library, minmay_shoptagon
Depths:2: minmay_inner_zag, layout_long_grid, enter_ziggurat_c, serial_shops,
          nicolae_shop_statue_plus, nicolae_shop_window_shopping,
          pf_hell_entry_tar_spiral, grunt_pan_entry_spiral,
          kennysheep_generic_room_2, infiniplex_staircase_pillars_1
Depths:3: nicolae_whirlpool, layout_small_grid, minmay_parallelograms,
          hell_entry, rand_demon_pan_entry_4, serial_shops,
          nicolae_take_the_stairs, amcnicky_mini_pool_small, firewood_loft,
          infiniplex_staircase_zigzag_4, serial_bayou_shore_b
Depths:4: kennysheep_spiral_hall, layout_cave_shapes, abyss_entry, hell_entry,
          serial_shops, shop_statue, lemuel_crystal_altar, grunt_decor_arrowhead
Depths:5: grunt_zot_entry_pinwheel, layout_basic, hell_entry, uniq_margery
Abyss:2:  base: IceCv, bh_abyss_negative, hangedman_decor_points, base:
Lair:4

Skill      XL: |  1  2  3  4  5  6  7  8  9 10 11 12 13 14 15 16 17 18 19 20 21 22 23 24 25 |
---------------+----------------------------------------------------------------------------+-----
Short Blades   | 1 2 3 4 5 6 7 8 9 10 11 12 13 14 15 16 | 16.2
Long Blades    | 1 2 3 4 5 6 7 8 9 10 11 12 13 14 15 16 | 16.2
Axes           | 1 2 3 4 5 6 7 8 9 10 11 12 13 14 15 16 | 16.2
Maces & Flails | 1 2 3 4 5 6 7 8 9 10 11 12 13 14 15 16 | 16.2
Staves         | 1 2 3 4 5 6 7 8 9 10 11 12 13 14 15 16 | 16.2
Slings         | 1 2 3 4 5 6 7 8 9 10 11 12 13 14 15 16 | 16.2
Bows           | 1 2 3 4 5 6 7 8 9 10 11 12 13 14 15 16 | 16.2
Crossbows      | 1 2 3 4 5 6 7 8 9 10 11 12 13 14 15 16 | 16.2
Throwing       | 1 2 3 4 5 6 7 8 9 10 11 12 13 14 15 16 17 | 17.7
Armour         | 1 2 3 4 5 6 7 8 9 10 11 12 13 14 15 16 | 16.2
Shields        | 1 2 3 4 5 6 7 8 9 10 11 12 13 14 15 16 | 16.4
Unarmed Combat | 1 2 3 4 5 6 7 8 9 10 11 12 13 14 15 16 | 16.2
Spellcasting   | 1 2 3 4 5 6 7 8 9 10 11 12 13 14 15 16 | 16.2
Invocations    | 1 2 3 4 5 6 7 8 9 10 11 12 13 14 15 16 17 | 17.5
Evocations     | 1 2 3 4 5 6 7 8 9 10 11 12 13 14 15 16 | 16.2
Conjurations   | 1 2 3 4 5 6 7 8 9 10 11 12 13 14 | 14.0
Hexes          | 1 2 3 4 5 6 7 8 9 10 11 12 13 14 | 14.0
Summonings     | 1 2 3 4 5 6 7 8 9 10 11 12 13 14 | 14.0
Necromancy     | 1 2 3 4 5 6 7 8 9 10 11 12 13 14 | 14.0
Translocations | 1 2 3 4 5 6 7 8 9 10 11 12 13 14 | 14.0
Transmutations | 1 2 3 4 5 6 7 8 9 10 11 12 13 14 | 14.0
Fire Magic     | 1 2 3 4 5 6 7 8 9 10 11 12 13 14 | 14.0
Ice Magic      | 1 2 3 4 5 6 7 8 9 10 11 12 13 14 | 14.0
Air Magic      | 1 2 3 4 5 6 7 8 9 10 11 12 13 14 | 14.0
Earth Magic    | 1 2 3 4 5 6 7 8 9 10 11 12 13 14 | 14.0
Poison Magic   | 1 2 3 4 5 6 7 8 9 10 11 12 13 14 | 14.0
Fighting       | 7 8 9 10 11 12 13 14 15 16 17 | 17.2
Polearms       | 7 8 9 10 11 12 13 14 15 16 17 | 17.7
Dodging        | 7 8 9 10 11 12 13 14 15 16 17 | 17.2
Stealth        | 5 6 7 8 9 10 11 12 13 14 15 16 17 18 | 18.0

Action                   |  1- 3 |  4- 6 |  7- 9 | 10-12 | 13-15 | 16-18 | 19-21 | 22-24 | 25-27 || total
-------------------------+-------+-------+-------+-------+-------+-------+-------+-------+-------++-------
Melee: Spear             |   104 |   213 |    60 |   267 |       |       |       |       |       ||   644
       Bite              |     8 |    19 |     8 |    53 |   174 |   151 |    82 |   105 |    41 ||   641
       Punch             |       |     1 |     3 |    23 |    79 |       |       |       |       ||   106
       Trident           |       |       |       |   145 |  1277 |       |       |       |       ||  1422
       Demon trident     |       |       |       |       |    39 |   616 |   327 |   207 |       ||  1189
       Scimitar          |       |       |       |       |       |    12 |    22 |   332 |   104 ||   470
       Demon blade       |       |       |       |       |       |   205 |       |   152 |       ||   357
       Eveningstar       |       |       |       |       |       |    35 |   162 |   111 |    83 ||   391
       Mace              |       |       |       |       |       |       |       |    21 |       ||    21
       Dagger            |       |       |       |       |       |       |       |       |     1 ||     1
 Fire: Hand crossbow     |       |    64 |   205 |   482 |   552 |   523 |   862 |    25 |       ||  2713
       Shortbow          |       |       |       |       |   121 |       |       |       |       ||   121
       Fustibalus        |       |       |       |       |       |       |       |   655 |    61 ||   716
Throw: Dart              |    24 |    13 |       |    27 |    84 |   211 |       |       |       ||   359
       Stone             |       |    26 |       |       |     2 |       |       |       |       ||    28
       Boomerang         |       |       |       |       |    69 |    81 |    56 |       |       ||   206
       Throwing net      |       |       |       |       |     1 |       |       |       |       ||     1
       Javelin           |       |       |       |       |       |    15 |     5 |   200 |    86 ||   306
 Cast: Slow              |       |       |       |    18 |    20 |       |       |       |       ||    38
       Summon Lightning  |       |       |       |       |    45 |   106 |   115 |     2 |       ||   268
       Mephitic Cloud    |       |       |       |       |    25 |    81 |    62 |    13 |       ||   181
       Borgnjor's Vile C |       |       |       |       |       |    63 |   129 |    41 |    13 ||   246
       Freezing Cloud    |       |       |       |       |       |    12 |    25 |     3 |       ||    40
       Eringya's Noxious |       |       |       |       |       |       |     5 |     6 |       ||    11
       Shadow Creatures  |       |       |       |       |       |       |       |   226 |    29 ||   255
       Dazzling Flash    |       |       |       |       |       |       |       |     2 |       ||     2
       Olgreb's Toxic Ra |       |       |       |       |       |       |       |     9 |       ||     9
       Simulacrum        |       |       |       |       |       |       |       |     1 |       ||     1
       Silence           |       |       |       |       |       |       |       |     1 |       ||     1
Invok: Curse Item        |       |     3 |     2 |     1 |     1 |     3 |     3 |     5 |       ||    18
       Shatter the Chain |       |       |       |     1 |       |     2 |     2 |     5 |       ||    10
Evoke: Wand              |       |       |     1 |    27 |    54 |    24 |    73 |    35 |       ||   214
       Tin of tremorston |       |       |       |     3 |     7 |    13 |    15 |    14 |     2 ||    54
       Phial of floods   |       |       |       |     2 |     5 |     5 |     7 |    11 |     2 ||    32
       Phantom mirror    |       |       |       |       |       |     7 |    11 |    12 |     1 ||    31
       Condenser vane    |       |       |       |       |       |       |       |     3 |     2 ||     5
  Use: Scroll            |       |     2 |     2 |     4 |     8 |    13 |    15 |    27 |     4 ||    75
       Potion            |       |       |     3 |     2 |     3 |     5 |    13 |    23 |     2 ||    51
 Stab: Sleeping          |     5 |     2 |       |       |     2 |     1 |     1 |     1 |     2 ||    14
       Invisible         |     3 |       |       |       |     3 |       |     6 |       |       ||    12
       Paralysed         |       |       |       |     7 |       |       |     9 |    14 |       ||    30
       Confused          |       |       |       |       |     6 |    41 |     9 |     3 |       ||    59
       Held in net/web   |       |       |       |       |     4 |       |       |       |       ||     4
       Distracted        |       |       |       |       |     3 |    12 |    12 |    13 |     5 ||    45
Armor: Robe              |    11 |       |       |       |       |       |       |       |       ||    11
       Ring mail         |       |    23 |       |       |       |       |       |       |       ||    23
       Chain mail        |       |    99 |   146 |    65 |       |       |       |       |       ||   310
       Skin              |       |       |     3 |       |       |       |       |       |       ||     3
       Scale mail        |       |       |       |   187 |   673 |   416 |   369 |    59 |       ||  1704
       Shadow dragon sca |       |       |       |       |       |       |       |   340 |       ||   340
       Fire dragon scale |       |       |       |       |       |       |       |   143 |    68 ||   211
Dodge: Dodged            |    39 |    86 |    86 |   307 |  1053 |   611 |   468 |   347 |    86 ||  3083
Block: Other             |       |       |       |     8 |       |       |       |       |       ||     8
       Buckler           |       |       |       |       |    86 |   807 |    16 |       |       ||   909
       Reflection        |       |       |       |       |       |    65 |   210 |     7 |       ||   282
       Kite shield       |       |       |       |       |       |       |  1602 |   395 |       ||  1997
       Tower shield      |       |       |       |       |       |       |       |   902 |   235 ||  1137
       Rpst.: Demon blade |       |       |       |       |       |    28 |       |    11 |       ||    39
       Scimitar          |       |       |       |       |       |       |     2 |    16 |     1 ||    19

Table legend: (Time is in decaauts)
 A = Elapsed time spent in this place.
 B = Non-inter-level travel time spent in this place.
 C = Inter-level travel time spent in this place.
 D = Time resting spent in this place.
 E = Time spent auto-exploring this place.
 F = Levels seen in this place.
 G = Mean time per level.
                   A        B        C        D        E       F      G
               +--------+--------+--------+--------+--------+-----+--------+
         Total | 109467 |  96042 |  13425 |  38232 |  35738 |  51 | 2146.4 |
       Dungeon |  29826 |  23637 |   6189 |   8841 |   9918 |  15 | 1988.4 |
        Temple |    227 |    200 |     27 |      0 |    197 |   1 |  227.0 |
          Lair |  15111 |  12873 |   2238 |   4809 |   4523 |   6 | 2518.5 |
        Shoals |  10417 |   9301 |   1116 |   4765 |   2783 |   4 | 2604.2 |
   Spider Nest |   8356 |   7653 |    703 |   3450 |   2262 |   4 | 2089.0 |
  Orcish Mines |   5202 |   4716 |    486 |   2382 |   1098 |   2 | 2601.0 |
   Elven Halls |   5471 |   5125 |    346 |   1312 |   2321 |   3 | 1823.7 |
        Vaults |  13234 |  12217 |   1017 |   5321 |   4316 |   4 | 3308.5 |
         Crypt |   7121 |   7017 |    104 |   1756 |   3746 |   3 | 2373.7 |
        Depths |  13059 |  11863 |   1196 |   5432 |   4172 |   5 | 2611.8 |
         Abyss |   1439 |   1439 |      0 |    161 |    401 |   4 |  359.8 |
               +--------+--------+--------+--------+--------+-----+--------+

Top non-repeatable levels by time:
Shoals:3: 4944 daAuts
    D:15: 4279 daAuts
   Orc:2: 3912 daAuts
 Crypt:3: 3797 daAuts
Vaults:1: 3726 daAuts
  Lair:5: 3726 daAuts
  Lair:1: 3495 daAuts
     D:7: 3484 daAuts
Vaults:2: 3458 daAuts
Vaults:3: 3341 daAuts
    D:10: 3297 daAuts
Depths:3: 3292 daAuts
Depths:5: 3259 daAuts
Depths:4: 2915 daAuts
Spider:4: 2854 daAuts
